 Dungeon Crawl Stone Soup version 0.29.1-15-g9cfb28693d (webtiles) character file.

Game seed: 7660553558510115060

136 101zpm the Magician (level 5, -14/35 HPs)
             Began as a Djinni Fire Elementalist on Mar 6, 2023.
             Killed from afar by Natasha (16 damage)
             ... with a bolt of dispelling energy
             ... on level 2 of the Dungeon.
             The game lasted 00:04:33 (3473 turns).

101zpm the Magician (Djinni Fire Elementalist)      Turns: 3473, Time: 00:04:34

Health: -14/35     AC:  2    Str:  7    XL:     5   Next: 43%
Gold:   57         EV: 12    Int: 18    God:
                   SH:  0    Dex: 14

rFire   + + .      SeeInvis .   (no weapon)
rCold   x . .      Faith    .   (no shield)
rNeg    . . .      Spirit   .   a - +0 robe
rPois   ∞          Reflect  .   (no helmet)
rElec   .          Harm     .   (no cloak)
rCorr   .          Rampage  .   (no gloves)
Will    .....                   (boots unavailable)
Stlth   ++........              (no amulet)
HPRegen 0.11/turn               (no ring)
MPRegen 0.00/turn               (no ring)

@: flying
A: sickness immunity, fire resistance 2, cold vulnerability 1, float, innate
caster, HP casting, extra vitality 1
a: no special abilities


You were on level 2 of the Dungeon.
You visited 1 branch of the dungeon, and saw 2 of its levels.

You collected 57 gold pieces.

Inventory:

Armour
 a - a +0 robe (worn)
Jewellery
 h - a ring of wizardry
Scrolls
 b - 2 scrolls of identify {unknown}
 c - a scroll of enchant armour {unknown}
 d - a scroll of vulnerability {unknown}
 f - 2 scrolls of immolation {unknown}
 g - a scroll of torment {unknown}
 j - a scroll of blinking {unknown}
 k - a scroll of noise {unknown}
Potions
 e - a potion of brilliance {unknown}
 i - 2 potions of cancellation {unknown}
 l - a potion of curing {unknown}


   Skills:
 + Level 2.4 Dodging
 + Level 1.9 Stealth
 + Level 4.2 Spellcasting


You couldn't memorise any spells.
You knew the following spells:

 Your Spells              Type           Power      Damage    Failure   Level
a - Foxfire               Conj/Fire      76%        2x1d7     2%          1
b - Scorch                Fire           38%        2d6       3%          2
c - Conjure Flame         Conj/Fire      19%        6-21      8%          3
d - Inner Flame           Hex/Fire       19%        N/A       8%          3
e - Flame Wave            Conj/Fire      19%        2d7       26%         4
f - Necrotise             Necr           76%        1d7       2%          1
g - Passwall              Tmut/Erth      15%        N/A       3%          2
Your spell library was empty.

Dungeon Overview and Level Annotations

Branches:
Dungeon (2/15)

Altars:

Annotations:
D:2 Natasha


Innate Abilities, Weirdness & Mutations

You are immune to sickness and miasma.
You are immune to poison.
Your flesh is very heat resistant. (rF++)
You are vulnerable to cold. (rC-)
You float through the air rather than walking.
You learn spells naturally, not from books.
Your magical power is your life essence.
You have superior vitality. (+4 MHP)


Message History

Casting: Scorch (safe; 3% risk of failure)
Confirm with . or Enter, or press ? or * to list all spells.
Aiming: Inner Flame (dangerous; 8% risk of failure)
Press: ? - help, Dir - move target, f - Natasha
Aim: Natasha, carrying a wand of quicksilver (8) (chance to affect: 74%) Natasha is filled with an inner flame.
You conjure some foxfire!
Natasha zaps a wand.
The bolt of dispelling energy hits your foxfire!
The bolt of dispelling energy hits you!!
Ouch! That really hurt!
* * * LOW HITPOINT WARNING * * *
The bolt of dispelling energy hits your foxfire!
The foxfire hits Natasha but does no damage.
An endoplasm comes into view.
Natasha mewls in sadness.
Natasha casts a spell at you. The magic dart hits you.
* * * LOW HITPOINT WARNING * * *
Casting: Foxfire (safe; 2% risk of failure)
Confirm with . or Enter, or press ? or * to list all spells.
Aiming: Passwall (safe; 3% risk of failure)
Press: ? - help, Dir - move target A rock wall.
This rock feels extremely deep.
* * * LOW HITPOINT WARNING * * *
Casting: Passwall (safe; 3% risk of failure)
Confirm with . or Enter, or press ? or * to list all spells.
You can't see any susceptible monsters within range! (Use Z to cast anyway.)
You are too injured to fight recklessly!
Casting: Foxfire (safe; 2% risk of failure)
Press: ? - help, Q - select action, (/) - cycle Dir - look around, f - activate You conjure some foxfire!
* * * LOW HITPOINT WARNING * * *
Natasha zaps a wand.
The bolt of dispelling energy hits your foxfire!
The bolt of dispelling energy misses you.
The bolt of dispelling energy hits your foxfire!
The foxfire hits Natasha but does no damage.
Natasha zaps a wand.
The bolt of dispelling energy hits you!
You die...

.........#
#.##.#
#.#.######
#.##.# ..#.#
#.##J#
###.####
####.##h#
.......#
#....##.#
###.##.#
#.#####§#
..#.##.###.#
#§# #
#........#
#.#
#...########
#@# #####
#.# ########
#.# ........
#.# #######.
#.# #.# #.#
#.# #.#


You could see Natasha (inner flame) and an endoplasm.

Vanquished Creatures
  Natasha (twice) (D:2)
  3 adders (D:2)
  3 worms (D:2)
  A dart slug (D:2)
  A ball python (D:1)
  3 endoplasms
  5 giant cockroaches
  3 goblins
  4 hobgoblins
  7 jackals
  6 kobolds
  A quokka (D:2)
  3 bats
  3 frilled lizards
  2 rats
47 creatures vanquished.

Vanquished Creatures (collateral kills)
  4 foxfires (D:1)
4 creatures vanquished.

Vanquished Creatures (others)
  186 foxfires
186 creatures vanquished.

Grand Total: 237 creatures vanquished

Notes
Turn   | Place    | Note
-------+----------+-------------------------------------------
     0 | D:1      | 101zpm the Djinni Fire Elementalist began the quest for the
                  | Orb.
     0 | D:1      | 101zpm set off with the following spells memorised:
                  | Foxfire, Scorch, Conjure Flame, Inner Flame, Flame Wave.
     0 | D:1      | Reached XP level 1. HP: 15/15 MP: 0/0
   172 | D:1      | Reached XP level 2. HP: 13/21 MP: 0/0
   539 | D:1      | Found a faded altar of an unknown god.
   947 | D:1      | Reached skill level 3 in Spellcasting
  1068 | D:1      | Reached XP level 3. HP: 22/25 MP: 0/0
  1068 | D:1      | Learned a level 1 spell: Necrotise
  2185 | D:2      | Reached XP level 4. HP: 27/31 MP: 0/0
  2538 | D:2      | Noticed Natasha
  2542 | D:2      | Killed Natasha
  2947 | D:2      | Reached XP level 5. HP: 18/35 MP: 0/0
  2947 | D:2      | Learned a level 2 spell: Passwall
  3231 | D:2      | Noticed Natasha
  3239 | D:2      | Reached skill level 4 in Spellcasting
  3239 | D:2      | Killed Natasha
  3466 | D:2      | Noticed Natasha
  3473 | D:2      | Killed from afar by Natasha

Illustrated notes

Levels and vault maps discovered:
D:1:      scummos_arrival_forest, layout_rooms,
          dreamdust_ecumenical_altar_grove, item_on_display_a
D:2:      minmay_chambers_of_twos, layout_basic, uniq_natasha

Skill      XL: |  1  2  3  4  5 |
---------------+----------------+-----
Spellcasting   | 3 4 |  4.2
Dodging        | |  2.4
Stealth        | |  1.9

Action                   |  1- 3 |  4- 6 || total
-------------------------+-------+-------++-------
 Cast: Foxfire           |    89 |    25 ||   114
       Scorch            |     9 |    14 ||    23
       Inner Flame       |     2 |     9 ||    11
       Passwall          |       |     1 ||     1
Armor: Robe              |       |     1 ||     1
Dodge: Dodged            |     3 |     7 ||    10
